 Dungeon Crawl Stone Soup version 0.31-a0-986-g5e6e4ef867 (webtiles) character file.

Game seed: 4821550452213853999

149 Zonian the Grave Robber (level 5, -4/28 HPs)
             Began as a Deep Elf Necromancer on Nov 9, 2023.
             Killed by divine providence
             ... invoked by an orc priest
              (13 damage)
             ... on level 4 of the Dungeon.
             The game lasted 00:05:45 (3548 turns).

Zonian the Grave Robber (Deep Elf Necromancer)      Turns: 3548, Time: 00:05:45

Health: -4/28      AC:  2    Str:  5    XL:     5   Next: 9%
Magic:  9/13       EV: 13    Int: 22    God:
Gold:   179        SH:  0    Dex: 15    Spells: 8/12 levels left

rFire   . . .        e - +1 dagger (speed)
rCold   . . .        (no shield)
rNeg    . . .        a - +0 robe
rPois   .            (no helmet)
rElec   .            (no cloak)
rCorr   +            (no gloves)
SInv    .            (no boots)
Will    .....        (no amulet)
Stlth   +++          r - ring of resist corrosion
HPRegen 0.24/turn    (no ring)
MPRegen 0.13/turn

%: no passive effects
@: hasted, very quick
A: no striking features
a: no special abilities


You were on level 4 of the Dungeon.
You visited 1 branch of the dungeon, and saw 4 of its levels.

You collected 179 gold pieces.

Inventory:

Hand Weapons
 c - a +0 dagger
 e - a +1 dagger of speed (weapon)
 m - a +0 rapier
 u - a +3 sling
Armour
 a - a +0 robe (worn)
 n - a +0 pair of boots
Magical Staves
 s - a staff of earth
Jewellery
 r - a ring of resist corrosion (left hand)
Scrolls
 i - a scroll of enchant weapon
 o - a scroll of teleportation
 t - a scroll of amnesia
Potions
 b - a potion of magic
 d - a potion of ambrosia {unknown}
 f - a potion of curing
 g - a potion of haste
 h - a potion of heal wounds
 j - a potion of might
 k - 2 potions of attraction
 l - a potion of lignification {unknown}
 p - a potion of brilliance {unknown}
 q - a potion of enlightenment {unknown}


   Skills:
 + Level 3.8 Dodging
 + Level 4.0 Stealth
 + Level 4.4 Spellcasting
 + Level 5.7 Necromancy


You had 8 spell levels left.
You knew the following spells:

 Your Spells              Type           Power      Damage    Failure   Level
a - Necrotise             Necr           100%       1d9       1%          1
b - Vampiric Draining     Necr           29%        2d8       3%          3

Your spell library contained the following spells:

 Spells                   Type           Power      Damage    Failure   Level
 Animate Dead             Necr           29%        N/A       11%         4
 Agony                    Necr           29%        N/A       28%         5
 Borgnjor's Vile Clutch   Necr/Erth      8%         N/A       67%         5
 Death Channel            Necr           14%        N/A       85%         6


Dungeon Overview and Level Annotations

Branches:
Dungeon (4/15)
 Temple: D:4-7

Altars:
Dithmenos
Fedhas
The Shining One

Shops:
D:1 *(


Message History

The orc shouts!
The orc priest shouts!
You hear a shout!
A gnoll comes into view. It is wielding a +0 spear.
You are confused.
You hear a shout!
You bump into the rock wall.
You feel less confused. The orc wizard casts a spell at you.
You resist with some effort.
The orc priest looks braver for a moment.
The orc priest mumbles some strange prayers to Beogh against you.
Beogh smites you!
Ouch! That really hurt!
Unknown command.
You feel better.
Unknown command.
The orc wizard barely resists.
The orc wizard mumbles some strange words.
The orc wizard flickers and vanishes!
The orc writhes in agony!
You kill the orc!
The dead are walking!
A magic dart appears from out of thin air!
The magic dart hits something!
Something writhes in agony.
You hear some strange, mumbled words.
A puff of flame appears from out of thin air!
The puff of flame misses you.
Something unseen opens the door.
Unknown command.
Something writhes in agony.
Your orc skeleton hits the gnoll but does no damage.
You hear some strange, mumbled words.
Something tries to affect you, but you resist.
The orc priest mumbles some strange prayers to Beogh against you.
Beogh smites you!
* * * LOW HITPOINT WARNING * * *
You feel yourself speed up.
An adder comes into view.
The orc priest invokes the aid of Beogh against you.
Beogh smites you!
You die...

########## ######........#
..............# ##########
..............# #.....>..#
...........Zg.####.#####.##
........S...o{.@...#.###.#
.........###'####..#.....#
.........# #..#.###.#
.........# ####..#.# ###
.....o.... #.....#.#
....g.o>.. #.###)#.#
.##....g..# #!# #.#.# #.#
#.#.# ..# .#.#


You could see an orc priest (ally target), a gnoll, an adder (distracted) and a
friendly orc skeleton.

Vanquished Creatures
  A scorpion (D:3)
  2 adders
  3 dart slugs
  An orc (D:4)
  3 ball pythons (D:1)
  4 endoplasms
  2 giant cockroaches
  4 goblins (D:1)
  7 hobgoblins
  6 jackals
  7 kobolds
  2 quokkas
  8 bats
  5 frilled lizards
  6 rats
61 creatures vanquished.

Vanquished Creatures (collateral kills)
  A ball python (D:1)
  2 rats (D:1)
3 creatures vanquished.

Grand Total: 64 creatures vanquished

Notes
Turn   | Place    | Note
-------+----------+-------------------------------------------
     0 | D:1      | Zonian the Deep Elf Necromancer began the quest for the
                  | Orb.
     0 | D:1      | Reached XP level 1. HP: 10/10 MP: 6/6
   201 | D:1      | Reached skill level 5 in Necromancy
   201 | D:1      | Reached XP level 2. HP: 15/15 MP: 4/8
   641 | D:1      | Found Kizi's General Store.
   685 | D:1      | Reached XP level 3. HP: 16/19 MP: 2/10
   865 | D:1      | Found Igegesch's Weapon Emporium.
  2198 | D:3      | Found a glowing golden altar of the Shining One.
  2534 | D:3      | Reached XP level 4. HP: 20/24 MP: 8/11
  2728 | D:3      | Found a blossoming altar of Fedhas.
  2786 | D:3      | Found a shadowy altar of Dithmenos.
  2844 | D:3      | Learned a level 3 spell: Vampiric Draining
  3009 | D:3      | Noticed a scorpion
  3021 | D:3      | Killed a scorpion
  3022 | D:3      | Reached XP level 5. HP: 28/28 MP: 7/13
  3100 | D:3      | Found a faded altar of an unknown god.
  3456 | D:4      | Identified the "Waxkuel"
  3548 | D:4      | Killed from afar by an orc priest

Illustrated notes

Levels and vault maps discovered:
D:1:      dpeg_arrival_ternary, layout_loops_corners, serial_shops, shop, shop,
          minmay_tetromino_s4
D:2:      layout_basic
D:3:      layout_basic, fedhas_altar_3, nicolae_dithmenos_the_darkroom,
          mainiacjoe_overflow_boulevard,
          dreamdust_ecumenical_altar_angels_and_demons
D:4:      minmay_clustersquares, layout_basic, pf_just_have_faith,
          overflow_temple_1_default, dk_yredelemnul_ordeal,
          minmay_temple_entry_wispy, minmay_misc_feat_doors, uniq_blork_the_orc,
          uniq_grinder

Skill      XL: |  1  2  3  4  5 |
---------------+----------------+-----
Necromancy     | 5 |  5.7
Stealth        | 3 4 |  4.0
Dodging        | 3 |  3.8
Spellcasting   | 4 |  4.4

Action                     |  1- 3 |  4- 6 || total
---------------------------+-------+-------++-------
   Cast: Necrotise         |    75 |    24 ||    99
    Use: Scroll            |       |     9 ||     9
         Potion            |       |     2 ||     2
 Armour: Robe              |     8 |     1 ||     9
  Dodge: Dodged            |    10 |     2 ||    12

Table legend: (Time is in decaauts)
 A = Elapsed time spent in this place.
 B = Non-inter-level travel time spent in this place.
 C = Inter-level travel time spent in this place.
 D = Time resting spent in this place.
 E = Time spent auto-exploring this place.
 F = Levels seen in this place.
 G = Mean time per level.
                   A        B        C        D        E       F      G
               +--------+--------+--------+--------+--------+-----+--------+
         Total |   3546 |   3449 |     97 |    112 |   2825 |   4 |  886.5 |
       Dungeon |   3546 |   3449 |     97 |    112 |   2825 |   4 |  886.5 |
               +--------+--------+--------+--------+--------+-----+--------+

Top non-repeatable levels by time:
     D:1: 1310 daAuts
     D:3: 1143 daAuts
     D:2: 1001 daAuts
     D:4: 91 daAuts
